 Dungeon Crawl Stone Soup version 0.28.0-43-g3370ac3207 (webtiles) character file.

Game seed: 5672646395488775580

363 RascalDebosk the Covered (level 6, -2/56 HPs)
             Began as a Minotaur Fighter on Mar 7, 2022.
             Slain by Edmund
             ... wielding a +4 flail of protection
              (8 damage)
             ... on level 5 of the Dungeon.
             The game lasted 00:24:50 (3014 turns).

RascalDebosk the Covered (Minotaur Fighter)         Turns: 3014, Time: 00:24:50

Health: -2/56      AC:  9    Str: 22    XL:     6   Next: 39%
Magic:  5/5        EV:  9    Int:  5    God:
Gold:   128        SH:  5    Dex: 10    Spells: 5/5 levels left

rFire   . . .      SeeInvis .   a - +1 trident
rCold   + . .      Faith    .   c - +0 buckler
rNeg    . . .      Spirit   .   b - +0 scale mail
rPois   .          Reflect  .   (helmet restricted)
rElec   .          Harm     .   i - +0 cloak
rCorr   .          Rampage  .   q - +0 pair of gloves
Will    .....                   (no boots)
Stlth   ..........              (no amulet)
HPRegen 0.18/turn               j - ring of protection from cold
MPRegen 0.09/turn               (no ring)

@: no status effects
A: horns 2, retaliatory headbutt
a: no special abilities


You were on level 5 of the Dungeon.
You visited 1 branch of the dungeon, and saw 5 of its levels.

You collected 128 gold pieces.

Inventory:

Hand Weapons
 a - a +1 trident (weapon)
Missiles
 d - 51 stones (quivered)
Armour
 b - a +0 scale mail (worn)
 c - a +0 buckler (worn)
 i - a +0 cloak (worn)
 q - a +0 pair of gloves (worn)
Jewellery
 j - a ring of protection from cold (left hand)
Wands
 g - a wand of charming (7)
 p - a wand of polymorph (9)
 r - a wand of iceblast (17)
Scrolls
 f - 2 scrolls of amnesia
 m - 2 scrolls of torment
Potions
 e - 2 potions of brilliance
 h - 2 potions of curing
 k - a potion of flight
 l - a potion of haste {unknown}
 o - 2 potions of mutation


   Skills:
 + Level 5.3 Fighting
 + Level 4.5 Polearms
 + Level 5.3 Armour
 + Level 5.3 Shields


You had 5 spell levels left.
You didn't know any spells.
Your spell library contained the following spells:

 Spells                   Type           Power      Damage    Failure   Level
 Cause Fear               Hex            0%         N/A       100%        4
 Hailstorm                Conj/Ice       0%         3d3       100%        4
 Ice Form                 Ice/Tmut       0%         N/A       100%        4
 Simulacrum               Ice/Necr       0%         N/A       100%        6
 Dragon Form              Tmut           0%         N/A       100%        7
 Dragon's Call            Summ           0%         N/A       100%        9


Dungeon Overview and Level Annotations

Branches:
Dungeon (5/15)
 Temple: D:4-7

Altars:
Ru
Zin

Annotations:
D:5 Edmund


Innate Abilities, Weirdness & Mutations

You have a pair of horns on your head.
You reflexively headbutt those who attack you in melee.


Message History

Edmund is lightly wounded.
Edmund hits you with a +4 flail of protection.
You hit Edmund.
Edmund is lightly wounded.
Edmund barely misses you.
You barely miss Edmund.
Edmund is lightly wounded.
Edmund barely misses you.
You closely miss Edmund. Your headbutt misses Edmund.
Edmund is lightly wounded.
Edmund barely misses you. You furiously retaliate!
You headbutt Edmund, but do no damage. You hit Edmund but do no damage.
Your headbutt misses Edmund.
Edmund is lightly wounded.
Edmund hits you with a +4 flail of protection!
You barely miss Edmund. You headbutt Edmund.
Edmund is lightly wounded.
Edmund hits you with a +4 flail of protection.
An ogre comes into view. It is wielding a +0 giant spiked club.
You closely miss Edmund. You headbutt Edmund, but do no damage.
Edmund is lightly wounded.
Edmund barely misses you.
Edmund hits you with a +4 flail of protection.
You hit Edmund but do no damage. Your headbutt misses Edmund.
Edmund is lightly wounded.
Edmund hits you with a +4 flail of protection!
You barely miss Edmund.
Edmund is lightly wounded.
Edmund says, "Everyone always remembers my brother. 'Who's Edmund?' they ask!"
Edmund hits you with a +4 flail of protection!
* * * LOW HITPOINT WARNING * * *
You puncture Edmund! You headbutt Edmund.
Edmund is moderately wounded.
Edmund hits you with a +4 flail of protection.
* * * LOW HITPOINT WARNING * * *
You hit Edmund. You headbutt Edmund, but do no damage.
Edmund is heavily wounded.
Edmund asks, "Have you met my wondrous brother?"
Edmund hits you with a +4 flail of protection!
You die...

#...#......# #.
#..........#
##.##.........#
#.............###
#................
#.#.......>...#
............#
#####.#........#
+.@...#........#
##@##.#......#.#
.O5##..........#
...Z.#....#...<..#
....[..#....)....#.....
.......#.##......######
............###....
..........#.# #....#
...#....#.# #....#


You could see Edmund, an ogre, a white imp and a centaur skeleton.

Vanquished Creatures
  Sigmund (D:3)
  A scorpion (D:5)
  A hound (D:4)
  Robin (D:2)
  2 adders (D:3)
  An ufetubus (D:4)
  2 worms
  4 orcs
  5 bats
  9 endoplasms
  2 giant cockroaches
  10 goblins
  11 hobgoblins
  8 kobolds
  2 quokkas
  3 ball pythons
  3 frilled lizards
  7 rats
73 creatures vanquished.

Notes
Turn   | Place    | Note
-------+----------+-------------------------------------------
     0 | D:1      | RascalDebosk the Minotaur Fighter began the quest for the
                  | Orb.
     0 | D:1      | Reached XP level 1. HP: 19/19 MP: 0/0
   242 | D:1      | Reached XP level 2. HP: 17/27 MP: 1/1
   674 | D:1      | You fall into a shaft and drop 1 floor!
   711 | D:2      | Reached XP level 3. HP: 33/33 MP: 2/2
   838 | D:2      | Noticed Robin
   866 | D:2      | Killed Robin
  1362 | D:2      | Found a faded altar of an unknown god.
  1504 | D:3      | Noticed Sigmund
  1519 | D:3      | Killed Sigmund
  1520 | D:3      | Reached skill level 5 in Fighting
  1520 | D:3      | Reached XP level 4. HP: 37/42 MP: 3/3
  1520 | D:3      | Reached XP level 5. HP: 42/48 MP: 4/4
  1636 | D:3      | Reached skill level 5 in Shields
  1737 | D:3      | Reached skill level 5 in Armour
  2343 | D:4      | Found a sacrificial altar of Ru.
  2644 | D:4      | Found a glowing silver altar of Zin.
  2652 | D:4      | Reached XP level 6. HP: 56/56 MP: 5/5
  2864 | D:5      | Entered Level 5 of the Dungeon
  2994 | D:5      | Noticed Edmund
  3014 | D:5      | Slain by Edmund

Illustrated notes

Levels and vault maps discovered:
D:1:      giann_forest_graveyard, layout_basic
D:2:      layout_basic, shapermc_ecumenical_altar_notcrosses, uniq_robin
D:3:      layout_basic, uniq_sigmund
D:4:      layout_loops_ring, amcnicky_altar_gilded, nicolae_ru_awakened_eye
D:5:      layout_basic, old_standard_altar, grunt_qazlal_clouds, serial_rivers,
          chequers_serial_rivers_micro_c, chequers_serial_rivers_marsh,
          chequers_serial_rivers_micro_b, chequers_serial_rivers_micro_d,
          uniq_edmund

Skill      XL: |  1  2  3  4  5 |
---------------+----------------+-----
Armour         | 4 5 |  5.3
Shields        | 4 5 |  5.3
Fighting       | 4 5 |  5.3
Polearms       | 3 4 |  4.5

Action                   |  1- 3 |  4- 6 || total
-------------------------+-------+-------++-------
Melee: Trident           |   100 |    88 ||   188
       Headbutt          |    10 |    13 ||    23
Throw: Stone             |       |     2 ||     2
  Use: Potion            |     1 |       ||     1
       Scroll            |       |    10 ||    10
Armor: Scale mail        |    35 |    29 ||    64
Dodge: Dodged            |    33 |    29 ||    62
Block: Buckler           |    19 |    22 ||    41
